 Dungeon Crawl Stone Soup version 0.21-a0-507-ga8f6b7a (webtiles) character file.

1613 zero the Covert (level 8, -12/36 HPs)
             Began as a Spriggan Enchanter on Nov 24, 2017.
             Was a Follower of Dithmenos.
             Killed by divine providence
             ... invoked by an orc priest
              (14 damage)
             ... on level 6 of the Dungeon on Nov 27, 2017.
             The game lasted 00:25:38 (8460 turns).

zero the Covert (Spriggan Enchanter)                Turns: 8460, Time: 00:25:39

Health: -12/36     AC:  3    Str:  8    XL:     8   Next: 64%
Magic:  13/25      EV: 18    Int: 20    God:    Dithmenos [*.....]
Gold:   414        SH:  0    Dex: 17    Spells: 5/17 levels left

rFire    + . .     SeeInvis +   u - +8 dagger of Ofuib {vamp, rF+ Str+4 Int+2}
rCold    . . .     Gourm    .   (shield restricted)
rNeg     . . .     Faith    .   b - +1 robe
rPois    .         Spirit   .   (helmet restricted)
rElec    .         Reflect  .   (no cloak)
rCorr    .         Harm     .   (gloves unavailable)
MR       +....                  (boots unavailable)
Stlth    +++++.....             (no amulet)
HPRegen  0.12/turn              o - ring of magical power
MPRegen  0.19/turn              (no ring)

@: wreathed by umbra, very quick
A: very small, unfitting armour, see invisible, herbivore 3, speed 3, slow
metabolism 2
a: Renounce Religion


You were on level 6 of the Dungeon.
You worshipped Dithmenos.
Dithmenos was aware of your devotion.
You were not hungry.

You visited 1 branch of the dungeon, and saw 6 of its levels.

You collected 414 gold pieces.

Inventory:

Hand Weapons
 u - the +8 dagger of Ofuib (weapon) {vamp, rF+ Str+4 Int+2}
   (You found it on level 4 of the Dungeon)

   It inflicts no extra harm, but heals its wielder when it wounds a living foe.
   It affects your strength (+4).
   It affects your intelligence (+2).
   It protects you from fire.
Armour
 a - a +2 buckler
 b - a +1 robe (worn)
Magical Staves
 w - an uncursed staff of energy {!a}
Jewellery
 o - a ring of magical power (left hand)
Scrolls
 e - 3 scrolls of enchant armour
 f - a scroll of magic mapping
 h - a scroll of amnesia
 i - 4 scrolls of enchant weapon
 j - 3 scrolls of teleportation
 k - 2 scrolls of remove curse
 y - a scroll of fog
Potions
 g - a potion of agility
 l - 5 potions of brilliance
 m - 6 potions of curing
 n - a potion of flight
 p - a potion of might
 r - a potion of invisibility
 s - 3 potions of heal wounds
 t - a potion of mutation
Books
 c - a book of Maledictions

   Spells                             Type                      Level
   a - Corona                         Hexes                        1
   b - Ensorcelled Hibernation        Hexes/Ice                    2
   c - Confuse                        Hexes                        3
   d - Tukima's Dance                 Hexes                        3
   e - Dazzling Spray                 Conjuration/Hexes            3
 q - a book of Spatial Translocations

   Spells                             Type                      Level
   a - Blink                          Translocation                2
   b - Shroud of Golubria             Charms/Translocation         2
   c - Lesser Beckoning               Translocation                3
   d - Gell's Gravitas                Translocation                3
   e - Teleport Other                 Translocation                3
   f - Passage of Golubria            Translocation                4
 x - a book of Minor Magic

   Spells                             Type                      Level
   a - Magic Dart                     Conjuration                  1
   b - Blink                          Translocation                2
   c - Call Imp                       Summoning                    2
   d - Slow                           Hexes                        2
   e - Conjure Flame                  Conjuration/Fire             3
   f - Mephitic Cloud                 Conjuration/Poison/Air       3
Comestibles
 d - 2 bread rations


   Skills:
 - Level 5.0 Short Blades
 - Level 3.0 Dodging
 - Level 8.0 Stealth
 - Level 5.3 Spellcasting
 + Level 7.7 Hexes
 - Level 7.2 Translocations
 + Level 2.1 Invocations


You had 5 spell levels left.
You knew the following spells:

 Your Spells              Type           Power        Failure   Level  Hunger
a - Corona                Hex            #####..      1%          1    None
b - Ensorcelled Hibernat  Hex/Ice        ###...       3%          2    None
c - Tukima's Dance        Hex            #####...     1%          3    ##.....
d - Passage of Golubria   Tloc           N/A          5%          4    ####...
e - Blink                 Tloc           N/A          1%          2    None


Dungeon Overview and Level Annotations

Branches:
Dungeon (6/15)
 Temple: D:4-7

Altars:
Dithmenos


Innate Abilities, Weirdness & Mutations

You are very small and have problems with some larger weapons.
You are too small for most types of armour.
You have supernaturally acute eyesight. (SInv)
You are a herbivore.
You cover ground extremely quickly.
You need consume almost no food.


Message History

The orc warrior is outlined in light.
You hit the orc warrior but do no damage.
The orc warrior is heavily wounded.
The orc warrior misses you.
The orc priest calls upon Beogh to heal the orc warrior.
The orc warrior is healed somewhat.
You barely miss the orc warrior.
The orc warrior is moderately wounded.
Casting: Corona
Confirm with . or Enter, or press ? or * to list all spells.
Aiming: Ensorcelled Hibernation
Press: ? - help, Shift-Dir - straight line, f - orc warrior, p - orc priest
Aim: an orc warrior, wielding a broad axe and wearing a shiny chain mail (moderately wounded, softly glowing, umbra, not susceptible)
The orc warrior is unaffected.
The orc warrior hits you with a broad axe!!
Ouch! That really hurt!
* * * LOW HITPOINT WARNING * * *
The orc priest calls down the wrath of Beogh upon you.
Beogh smites you!
You die...

####.#######
............
####.############
...<............#
###############.#
######### #.#
........#######.#
........'.....#.#####.#
........#####.#.@.ooo.#
........# #.#########
........# #.# ........#
#.# ........# #.####
.=......# #....#
........# ####.#
........# #.######
.......># #....†.#


You could see an orc warrior, an orc priest and an orc.

Vanquished Creatures
  Grinder (D:5)
  2 ice beasts (D:6)
  An ogre (D:6)
  A black bear (D:6)
  2 phantoms
  2 bullfrogs (D:6)
  A howler monkey (D:6)
  A crimson imp (D:6)
  A hound (D:5)
  A jelly (D:6)
  2 orc priests (D:5)
  5 orc wizards (D:5)
  2 iguanas (D:5)
  Jessica (D:3)
  A bullfrog skeleton (D:4)
  3 worker ants (D:4)
  A hound zombie (D:6)
  7 gnolls
  4 adders
  A shadow imp (D:6)
  2 worms
  A dart slug (D:1)
  7 leopard geckos
  6 orcs
  A ball python (D:4)
  4 giant cockroaches
  9 goblins
  11 hobgoblins
  11 jackals
  11 kobolds
  4 quokkas
  16 bats
  3 frilled lizards
  A leopard gecko zombie (D:5)
  A quokka skeleton (D:5)
  9 rats
137 creatures vanquished.

Notes
Turn   | Place    | Note
-------+----------+-------------------------------------------
     0 | D:1      | zero the Spriggan Enchanter began the quest for the Orb.
     0 | D:1      | Reached XP level 1. HP: 9/9 MP: 5/5
     0 | D:1      | Upgraded the game from 0.21-a0-498-g1b60429 to 0.21-a0-504-g2eda330
     0 | D:1      | Upgraded the game from 0.21-a0-504-g2eda330 to 0.21-a0-507-ga8f6b7a
   168 | D:1      | Reached XP level 2. HP: 8/13 MP: 2/6
   283 | D:1      | Learned a level 2 spell: Ensorcelled Hibernation
   327 | D:1      | Reached skill level 5 in Stealth
   963 | D:1      | Reached XP level 3. HP: 7/16 MP: 0/8
  1361 | D:1      | Learned a level 3 spell: Tukima's Dance
  2059 | D:2      | Reached skill level 6 in Stealth
  2548 | D:2      | Reached XP level 4. HP: 20/21 MP: 2/9
  3291 | D:3      | Noticed Jessica
  3298 | D:3      | Killed Jessica
  4240 | D:3      | Reached skill level 7 in Stealth
  4240 | D:3      | Reached XP level 5. HP: 24/24 MP: 5/10
  4955 | D:4      | Got an ichor-stained dagger
  4965 | D:4      | Identified the +8 dagger of Ofuib {vamp, rF+ Str+4 Int+2} (You found it on level 4 of the Dungeon)
  5017 | D:5      | Entered Level 5 of the Dungeon
  5623 | D:4      | Reached skill level 8 in Stealth
  5623 | D:4      | Reached XP level 6. HP: 28/28 MP: 11/11
  5693 | D:4      | Found a shadowy altar of Dithmenos.
  5706 | D:4      | Became a worshipper of Dithmenos the Shadowed
  5728 | D:4      | Reached skill level 5 in Short Blades
  5977 | D:4      | Learned a level 4 spell: Passage of Golubria
  6224 | D:5      | Reached skill level 1 in Translocations
  6609 | D:5      | Reached XP level 7. HP: 20/32 MP: 6/13
  7078 | D:5      | Learned a level 2 spell: Blink
  7227 | D:5      | Noticed Grinder
  7246 | D:5      | Killed Grinder
  7246 | D:5      | Reached * piety under Dithmenos
  7246 | D:5      | Reached skill level 5 in Hexes
  7668 | D:6      | Reached skill level 5 in Spellcasting
  7668 | D:6      | Reached skill level 5 in Translocations
  7843 | D:6      | Reached XP level 8. HP: 36/36 MP: 16/16
  8171 | D:6      | Reached skill level 1 in Invocations
  8460 | D:6      | Killed from afar by an orc priest

Vault maps used:
D:1:      dpeg_arrival_fog
D:2:      serial_corexii_hall, corexii_hall_statues_i, corexii_hall_statues_i,
          first_bread, hangedman_abyss_or_decor_stabs
D:3:      uniq_jessica
D:4:      grunt_dithmenos_smoke
D:5:      serial_corexii_hall, corexii_hall_statues_u, corexii_hall_statues_l,
          uniq_grinder
D:6:      roderic_batcave

Skill      XL: |  1  2  3  4  5  6  7  8 |
---------------+-------------------------+-----
Stealth        | 5 6 7 8 |  8.0
Short Blades   | 2 3 4 5 |  5.0
Spellcasting   | 3 5 |  5.3
Translocations | 3 5 7 |  7.2
Hexes          | 4 5 7 |  7.7
Invocations    | 2 |  2.1
Dodging        | |  3.0

Action                   |  1- 3 |  4- 6 |  7- 9 || total
-------------------------+-------+-------+-------++-------
Melee: Dagger            |   113 |   150 |    98 ||   361
 Cast: Corona            |    25 |    25 |    13 ||    63
       Ensorcelled Hiber |    15 |    46 |    18 ||    79
       Tukima's Dance    |       |       |     2 ||     2
  Use: Scroll            |     1 |    14 |     5 ||    20
 Stab: Sleeping          |    20 |    41 |    17 ||    78
       Distracted        |       |     1 |     2 ||     3
  Eat: Royal jelly       |     1 |       |       ||     1
       Fruit             |       |     3 |       ||     3
       Bread ration      |       |     2 |       ||     2
Armor: Robe              |    14 |    10 |    17 ||    41
Dodge: Dodged            |   127 |   169 |    85 ||   381

Table legend:
 A = Spawn XP
 B = Non-spawn XP
 C = Spawn XP percentage of total XP
 D = Spawn monster count
 E = Non-spawn monster count
 F = Spawn count percentage of total count
 G = Total turns spent on level
                    A         B        C        D         E        F      G
               +---------+---------+-------+---------+---------+-------+---------
         Total |       0 |    2305 |   0.0 |       0 |     137 |   0.0 |  8460
               +---------+---------+-------+---------+---------+-------+---------
           D:1 |       0 |      59 |   0.0 |       0 |      25 |   0.0 |  1762
           D:2 |       0 |      73 |   0.0 |       0 |      33 |   0.0 |  2132
           D:3 |       0 |      99 |   0.0 |       0 |      21 |   0.0 |  1055
           D:4 |       0 |     198 |   0.0 |       0 |      11 |   0.0 |  1128
           D:5 |       0 |     806 |   0.0 |       0 |      20 |   0.0 |  1479
           D:6 |       0 |    1070 |   0.0 |       0 |      27 |   0.0 |   904
               +---------+---------+-------+---------+---------+-------+---------
